 Dungeon Crawl Stone Soup version 0.27-a0-32-g443bf2d2ca (webtiles) character file.

Game seed: 3745750547651361598

3 DocSulfur the Sneak (level 1, 0/10 HPs)
             Began as a Kobold Enchanter on Jan 4, 2021.
             Slain by a hobgoblin (2 damage)
             ... on level 1 of the Dungeon.
             The game lasted 00:01:16 (330 turns).

DocSulfur the Sneak (Kobold Enchanter)               Turns: 330, Time: 00:01:17

Health: 0/10       AC:  2    Str:  5    XL:     1   Next: 55%
Magic:  3/3        EV: 15    Int: 16    God:
Gold:   13         SH:  0    Dex: 15    Spells: 3/4 levels left

rFire    . . .     SeeInvis .   a - +1 dagger
rCold    . . .     Faith    .   (shield restricted)
rNeg     . . .     Spirit   .   b - +0 robe
rPois    .         Reflect  .   (no helmet)
rElec    .         Harm     .   (no cloak)
rCorr    .         Rampage  .   (no gloves)
Will     .....                  (no boots)
Stlth    ++++......             (no amulet)
HPRegen  0.03/turn              (no ring)
MPRegen  0.08/turn              (no ring)

@: no status effects
A: small, nightstalker 3
a: no special abilities


You were on level 1 of the Dungeon.
You visited 1 branch of the dungeon, and saw 1 of its levels.

You collected 13 gold pieces.

Inventory:

Hand Weapons
 a - a +1 dagger (weapon)
Armour
 b - a +0 robe (worn)
Scrolls
 c - a scroll of identify {unknown}
 d - a scroll of immolation {unknown}
 e - a scroll of remove curse {unknown}


   Skills:
 - Level 1.3 Short Blades
 - Level 2.4 Dodging
 - Level 4.0 Stealth
 + Level 2.2 Spellcasting
 + Level 0.2 Conjurations
 * Level 3.1 Hexes
 + Level 0.2 Ice Magic


You had 3 spell levels left.
You knew the following spells:

 Your Spells              Type           Power        Failure   Level
a - Corona                Hex            12%          5%          1

Your spell library contained the following spells:

 Spells                   Type           Power        Failure   Level
 Ensorcelled Hibernation  Hex/Ice        14%          16%         2
 Confusing Touch          Hex            11%          17%         3
 Tukima's Dance           Hex            11%          17%         3
 Dazzling Flash           Conj/Hex       14%          30%         3


Dungeon Overview and Level Annotations

Branches:
Dungeon (1/15)

Altars:


Innate Abilities, Weirdness & Mutations

You are small and have problems with some larger weapons.
You are completely attuned to the shadows.


Message History

e - a scroll labelled OPNUUCW EGOMEL You now have 13 gold pieces (gained 5).
A hobgoblin comes into view.
A hobgoblin is nearby!
Found a glowing yellow potion.
The hobgoblin shouts!
Casting: Corona (safe; 5% risk of failure)
Confirm with . or Enter, or press ? or * to list all spells.
Aiming: Corona (safe; 5% risk of failure)
Press: ? - help, Shift-Dir - straight line, f - hobgoblin
Aim: a hobgoblin (chance to affect: 64%)
The hobgoblin is outlined in light.
The hobgoblin hits you.
You hit the hobgoblin.
The hobgoblin is lightly wounded.
The hobgoblin hits you.
* * * LOW HITPOINT WARNING * * *
The hobgoblin stops glowing.
You see here a bat skeleton.
The hobgoblin hits you.
You die...

......# .. ....... ......# ...
#.... ......### ##...##
...####.... >........ ......
.........#. #.....## #...#
####.###.#. #.....## #...# #....#
#.#. #####..# #...######....# #.#
####...#######.............###.#
≈≈≈##...........@..............#
≈P≈≈##..########.g...÷......####.
≈.≈≈≈##.# #.....##..........
.8.P≈≈#.# #.....##......####
....≈≈#.# #.....##..(....#.
.....≈8.# #.....####.......#
.<.8P.'.# #.......# .....≈8.#
#....)..# ....≈≈#.# #.#......


You could see a hobgoblin.

Vanquished Creatures
  A bat (D:1)
  A giant cockroach (D:1)
  A rat (D:1)
3 creatures vanquished.

Notes
Turn   | Place    | Note
-------+----------+-------------------------------------------
     0 | D:1      | DocSulfur the Kobold Enchanter began the quest for the Orb.
     0 | D:1      | Reached XP level 1. HP: 10/10 MP: 3/3
   330 | D:1      | Slain by a hobgoblin

Illustrated notes

Levels and vault maps discovered:
D:1:      lightli_arrival_statuegarden, layout_basic, minmay_misc_feat_columns

Action                   || total
-------------------------++-------
Melee: Dagger            ||    16
 Cast: Corona            ||     5
 Stab: Sleeping          ||     1
Armor: Robe              ||     6
Dodge: Dodged            ||    24

Table legend: (Time is in decaauts)
 A = Elapsed time spent in this place.
 B = Non-inter-level travel time spent in this place.
 C = Inter-level travel time spent in this place.
 D = Time resting spent in this place.
 E = Time spent auto-exploring this place.
 F = Levels seen in this place.
 G = Mean time per level.
                   A        B        C        D        E       F      G
               +--------+--------+--------+--------+--------+-----+--------+
         Total |    328 |    328 |      0 |      0 |    262 |   1 |  328.0 |
       Dungeon |    328 |    328 |      0 |      0 |    262 |   1 |  328.0 |
               +--------+--------+--------+--------+--------+-----+--------+

Top non-repeatable levels by time:
     D:1: 328 daAuts
